 Dungeon Crawl Stone Soup version 0.30.0-10-gfe55d96785 (webtiles) character file.

Game seed: 2535642619997877532

2718 Kranky the Ruffian (level 9, -11/92 HPs)
             Began as a Troll Fighter on May 13, 2023.
             Was a Follower of Wu Jian.
             Mangled by an orc warrior
             ... wielding a +0 war axe
              (14 damage)
             ... on level 7 of the Dungeon.
             The game lasted 00:11:15 (5374 turns).

Kranky the Ruffian (Troll Fighter)                  Turns: 5374, Time: 00:11:16

Health: -11/92     AC:  7    Str: 26    XL:     9   Next: 39%
Magic:  8/8        EV: 24    Int:  8    God:    Wu Jian [*.....]
Gold:   488        SH:  9    Dex:  9    Spells: 8/8 levels left

rFire   . .          .
                       - Unarmed
rCold   . . .        b - +0 kite shield
rNeg    + . .        a - +0 robe
rPois   .            (helmet restricted)
rElec   .            k - +2 cloak
rCorr   .            (gloves unavailable)
SInv    .            (boots unavailable)
Will    .....        f - amulet of the acrobat
Stlth   +            o - ring of positive energy
HPRegen 1.15/turn    (no ring)
MPRegen 0.11/turn

%: acrobat
@: lethally poisoned (-11 -> -11), weak-willed, acrobatic
A: large, unfitting armour, claws 3, regeneration 1, shaggy fur 1, tough skin 1
a: Renounce Religion


You were on level 7 of the Dungeon.
You worshipped Wu Jian.
Wu Jian was aware of your devotion.
You visited 2 branches of the dungeon, and saw 9 of its levels.

You collected 488 gold pieces.

Inventory:

Armour
 a - a +0 robe (worn)
 b - a +0 kite shield (worn)
 k - a +2 cloak (worn)
Jewellery
 f - an amulet of the acrobat (around neck)
 o - a ring of positive energy (left claw)
 s - a ring of positive energy
 F - an amulet of guardian spirit
 G - a ring of ice
Wands
 B - a wand of flame (33)
Scrolls
 e - 4 scrolls of noise
 g - a scroll of poison {unknown}
 h - a scroll of teleportation {unknown}
 i - 9 scrolls of identify {unknown}
 m - a scroll of vulnerability
 n - a scroll of magic mapping
 r - 2 scrolls of enchant armour
 u - a scroll of immolation
 v - a scroll of fear
 w - a scroll of fog
 y - a scroll of torment {unknown}
 D - a scroll of enchant weapon {unknown}
Potions
 c - a potion of might
 d - a potion of heal wounds {unknown}
 j - 2 potions of resistance {unknown}
 l - a potion of cancellation {unknown}
 p - 2 potions of curing
 q - a potion of degeneration {unknown}
 t - a potion of flight {unknown}
 x - 3 potions of haste
 z - 4 potions of berserk rage {unknown}
 A - a potion of magic {unknown}
 C - 3 potions of lignification {unknown}
 E - a potion of invisibility {unknown}
 H - a potion of ambrosia {unknown}


   Skills:
 + Level 6.6 Fighting
 + Level 3.2 Dodging
 + Level 7.2 Shields
 + Level 7.5 Unarmed Combat


You had 8 spell levels left.
You didn't know any spells.
Your spell library contained the following spells:

 Spells                   Type           Power      Damage    Failure   Level
 Beastly Appendage        Tmut           0%         N/A       61%         1
 Slow                     Hex            0%         N/A       61%         1
 Cigotuvi's Dreadful Rot  Necr/Pois/Air  0%         N/A       75%         2
 Wereblood                Tmut           0%         N/A       75%         2
 Confusing Touch          Hex            0%         N/A       93%         3
 Portal Projectile        Hex/Tloc       0%         N/A       93%         3
 Spider Form              Tmut/Pois      0%         N/A       93%         3
 Tukima's Dance           Hex            0%         N/A       93%         3
 Vampiric Draining        Necr           0%         2d6       93%         3
 Dispel Undead            Necr           0%         3d6       100%        4
 Manifold Assault         Tloc           0%         N/A       100%        4
 Blade Hands              Tmut           0%         N/A       100%        5
 Death Channel            Necr           0%         N/A       100%        6
 Dispersal                Tloc           0%         N/A       100%        6
 Disjunction              Tloc           0%         N/A       100%        8


Dungeon Overview and Level Annotations

Branches:
Dungeon (8/15)             Temple (1/1) D:5
   Lair: D:8-11

Altars:
Ashenzari
Cheibriados
Dithmenos
Elyvilon
Fedhas
Gozag
Hepliaklqana
Makhleb
Nemelex Xobeh
Okawaru
Qazlal
Ru
Sif Muna
Trog
Uskayaw
Wu Jian
Xom
Yredelemnul
Zin
The Shining One

Shops:
D:5 (   D:6 *   D:8 !

Annotations:
D:5 3 runed translucent doors, avangion's ghost, novice DECj
D:8 Amaemon


Innate Abilities, Weirdness & Mutations

You are too large for most types of armour.
You have claws for hands.
Your natural rate of healing is unusually fast.
You are covered in fur. (AC +1)
You have tough skin. (AC +1)


Message History

You scratch Amaemon but do no damage.
Amaemon is lightly wounded.
You feel very sick.
Amaemon casts a spell.
You block the orc warrior's attack. The orange demon barely misses you.
You scratch Amaemon but do no damage.
Amaemon is lightly wounded.
You feel very sick.
Amaemon hits you with a +1 demon whip of venom!
Amaemon claws you but does no damage. Amaemon barely misses you.
The orc warrior hits you but does no damage.
The orange demon stings you from afar.
You are more poisoned.
The orange demon poisons you! The scorpion misses you.
The scorpion attacks as you move away!
The scorpion stings you but does no damage.
You feel extremely sick.
Amaemon gestures at something while chanting.
There is a stone staircase leading up here.
You can't go down here!
You feel extremely sick.
The orc warrior hits you with a +0 war axe!
* * * LOW HITPOINT WARNING * * *
You climb upwards.
* * * LOW HITPOINT WARNING * * *
You feel extremely sick.
There is a stone staircase leading down here.
You feel very sick.
You feel very sick.
You feel very sick.
You feel sick.
The orc warrior attacks as you move away!
The orc warrior hits you with a +0 war axe.
* * * LOW HITPOINT WARNING * * *
You feel sick.
You feel sick.
You feel sick.
The orc warrior attacks as you move away!
The orc warrior hits you with a +0 war axe!
You die...

##########.#######
.................#
#############.##.#
###### #.##.# .....#
#.##.# ####.# #.##.#
#.# #.##.# ####.#
### #.##.# .....#
##.###.##@#
####.###.#.##.##o###
#.......###........#
#.##..........##.#.#
#.#........##.##.#.#
#.#.#.###.##.#.#.#.#
#.#.#.#####.###..#.#
#............#>###.#
##<.#.#####.#.## #.#


You could see an orc warrior.

Vanquished Creatures
  Pikel (D:5)
  An unseen horror (D:7)
  A sky beast (D:7)
  3 ice beasts (D:6)
  3 black bears
  An ogre (D:6)
  A lemure (D:5)
  A phantom (D:5)
  A bullfrog (D:7)
  2 scorpions
  5 wights (D:6)
  A howler monkey (D:7)
  3 hounds
  3 orc priests
  A jelly (D:7)
  2 iguanas
  3 orc wizards
  4 sleepcaps
  Natasha (thrice) (D:3)
  Robin (D:1)
  10 adders
  4 shadow imps
  4 ufetubi
  A worm (D:3)
  2 dart slugs
  13 orcs
  4 bats
  4 endoplasms
  11 goblins
  7 hobgoblins
  3 quokkas
  5 ball pythons
  6 frilled lizards
  5 kobolds
  7 rats
127 creatures vanquished.

Notes
Turn   | Place    | Note
-------+----------+-------------------------------------------
     0 | D:1      | Kranky the Troll Fighter began the quest for the Orb.
     0 | D:1      | Reached XP level 1. HP: 22/22 MP: 0/0
   208 | D:1      | Reached XP level 2. HP: 29/29 MP: 1/1
   655 | D:2      | Noticed Robin
   697 | D:1      | Killed Robin
   698 | D:1      | Reached XP level 3. HP: 20/36 MP: 2/2
   823 | D:2      | Reached XP level 4. HP: 45/45 MP: 3/3
  1194 | D:2      | Found a faded altar of an unknown god.
  1389 | D:3      | Noticed Natasha
  1394 | D:3      | Killed Natasha
  1451 | D:3      | Noticed Natasha
  1456 | D:3      | Killed Natasha
  1457 | D:3      | Reached XP level 5. HP: 53/53 MP: 4/4
  1818 | D:3      | Noticed Natasha
  1825 | D:3      | Killed Natasha
  1903 | D:3      | Found a bloodstained altar of Trog.
  2535 | D:4      | Reached XP level 6. HP: 62/62 MP: 5/5
  2622 | D:4      | Found a hide-covered altar of Uskayaw.
  2930 | D:5      | Entered Level 5 of the Dungeon
  2983 | D:5      | Found Geony's Weapon Shoppe.
  3041 | D:5      | Found a runed translucent gate.
  3041 | D:5      | Found a runed translucent gate.
  3041 | D:5      | Found a runed translucent gate.
  3148 | D:5      | Noticed avangion's ghost (novice DECj)
  3222 | D:5      | Noticed Pikel
  3240 | D:5      | Reached XP level 7. HP: 55/71 MP: 6/6
  3243 | D:5      | Killed Pikel
  3244 | D:5      | Reached skill level 5 in Fighting
  3244 | D:5      | Reached skill level 5 in Shields
  3244 | D:5      | Reached skill level 5 in Unarmed Combat
  3244 | D:5      | Reached XP level 8. HP: 65/80 MP: 7/7
  3265 | D:5      | Found the +5 robe of Misfortune {Harm *Corrode *Slow EV+5}
  3355 | D:5      | Found a staircase to the Ecumenical Temple.
  3554 | Temple   | Entered the Ecumenical Temple
  3724 | Temple   | Became a worshipper of the Wu Jian Council
  4030 | D:6      | Found Zin's Purification Station.
  4036 | D:6      | Found a glowing silver altar of Zin.
  4195 | D:6      | Found a broken altar of Ashenzari.
  4329 | D:6      | Reached * piety under Wu Jian
  4358 | D:6      | Reached XP level 9. HP: 88/89 MP: 8/8
  4496 | D:7      | Killed an unseen horror
  4526 | D:7      | Found a shimmering blue altar of Sif Muna.
  4612 | D:7      | Found a glowing golden altar of the Shining One.
  5339 | D:8      | Found Kuismua's Distillery.
  5358 | D:8      | Noticed Amaemon
  5361 | D:8      | Noticed an orange demon
  5371 | D:7      | HP: 4/92 [poisoned by an orange demon]
  5374 | D:7      | Mangled by an orc warrior

Illustrated notes

Levels and vault maps discovered:
D:1:      psy_arrival_fountain, layout_basic, minivault_26,
          hangedman_decor_lopped
D:2:      layout_loops_ring, shapermc_ecumenical_altar_hornbeckon, st_stairs_2,
          uniq_robin
D:3:      layout_basic, trog_book, uniq_natasha
D:4:      layout_loops_ring, nicolae_uskayaw_suspiria
D:5:      layout_cave_pools, minmay_temple_entry_fiery, serial_shops,
          shop_coins, gammafunk_ghost_nasty_kobolds, hex_large, uniq_pikel
D:6:      layout_rooms, mainiacjoe_overflow_six_doors_small, zin_purify,
          hangedman_decor_diamond_cutter
D:7:      layout_loops_ring, nicolae_tso_carved_into_rock,
          nicolae_sif_muna_condensation, kennysheep_generic_room_4
D:8:      layout_loops_ring, serial_shops, shop, uniq_amaemon
Temple:   nicolae_temple_bog_church

Skill      XL: |  1  2  3  4  5  6  7  8  9 |
---------------+----------------------------+-----
Shields        | 3 4 5 6 7 |  7.2
Fighting       | 3 4 5 6 |  6.6
Unarmed Combat | 3 4 5 7 |  7.5
Dodging        | 3 |  3.2

Action                     |  1- 3 |  4- 6 |  7- 9 || total
---------------------------+-------+-------+-------++-------
  Melee: Unarmed           |    74 |   143 |   169 ||   386
Ability: Lunge             |       |       |     6 ||     6
    Use: Scroll            |       |       |     7 ||     7
   Stab: Sleeping          |     1 |     1 |       ||     2
 Armour: Robe              |    21 |    44 |    58 ||   123
  Dodge: Dodged            |    20 |    38 |    52 ||   110
  Block: Kite shield       |    30 |    52 |    54 ||   136
